 Dungeon Crawl Stone Soup version 0.31-a0-220-gc2f4f3cf83 (webtiles) character file.

Game seed: 3418348358131350053

170 qw the Shooter (level 5, -2/45 HPs)
             Began as a Minotaur Hexslinger on July 3, 2023.
             Slain by a water moccasin zombie (3 damage)
             ... in an ossuary.
             The game lasted 00:00:53 (2013 turns).

qw the Shooter (Minotaur Hexslinger)                Turns: 2013, Time: 00:00:53

Health: -2/45      AC:  5    Str: 12    XL:     5   Next: 25%
Magic:  5/5        EV: 11    Int: 10    God:
Gold:   76         SH:  0    Dex: 15    Spells: 5/6 levels left

rFire   . . .        Y - +1 sling (drain)
rCold   . . .        (no shield)
rNeg    . . .        i - +0 ring mail
rPois   .            (helmet restricted)
rElec   .            (no cloak)
rCorr   .            (no gloves)
SInv    .            (no boots)
Will    .....        (no amulet)
Stlth   +            (no ring)
HPRegen 0.27/turn    (no ring)
MPRegen 0.09/turn

%: no passive effects
@: no status effects
A: horns 2, retaliatory headbutt
a: no special abilities


You were in an ossuary.
You visited 1 branch of the dungeon, and saw 4 of its levels.
You also visited: Ossuary.

You collected 126 gold pieces.
You spent 50 gold pieces at shops.


Innate Abilities, Weirdness & Mutations

You have a pair of horns on your head.
You reflexively headbutt those who attack you in melee.


   Skills:
 - Level 3.0 Fighting
 + Level 5.3 Ranged Weapons
 - Level 1.0 Armour
 - Level 2.1 Dodging
 - Level 1.0 Spellcasting
 - Level 2.0 Hexes


You had 5 spell levels left.
You knew the following spells:

 Your Spells              Type           Power      Damage    Failure   Level
a - Slow                  Hex            16%        N/A       34%         1

Your spell library contained the following spells:

 Spells                   Type           Power      Damage    Failure   Level
 Inner Flame              Hex/Fire       2%         N/A       83%         3
 Portal Projectile        Hex/Tloc       4%         N/A       83%         3
 Cause Fear               Hex            2%         N/A       98%         4

Inventory:

Hand Weapons
 Y - a +1 sling of draining (weapon)
Armour
 i - a +0 ring mail (worn)
Potions
 a - a potion of berserk rage {unknown}
 b - a potion of enlightenment
 e - a potion of mutation {unknown}
 f - a potion of magic {unknown}
 g - a potion of lignification {unknown}
 h - a potion of curing

Dungeon Overview and Level Annotations

Branches:
Dungeon (6/15)            Ossuary (1/1)
 Temple: D:4-7

Altars:

Shops:
D:2 !


Message History

The sling bullet hits the water moccasin zombie.
The water moccasin zombie is moderately damaged.
The water moccasin zombie barely misses you.
The water moccasin zombie bites you.
You shoot a sling bullet.
The sling bullet hits the water moccasin zombie!
The water moccasin zombie is heavily damaged.
The water moccasin zombie bites you.
You shoot a sling bullet.
The sling bullet hits the water moccasin zombie.
The water moccasin zombie is heavily damaged.
The water moccasin zombie bites you. x2
You shoot a sling bullet.
The sling bullet hits the water moccasin zombie but does no damage.
The water moccasin zombie is heavily damaged.
The water moccasin zombie bites you but does no damage.
You shoot a sling bullet.
The sling bullet hits the water moccasin zombie.
The water moccasin zombie is severely damaged.
The water moccasin zombie bites you.
The water moccasin zombie barely misses you.
You shoot a sling bullet.
The sling bullet closely misses the water moccasin zombie.
The sling bullet barely misses the orc zombie.
The water moccasin zombie bites you.
You shoot a sling bullet.
The sling bullet closely misses the water moccasin zombie.
The sling bullet barely misses the orc zombie.
The water moccasin zombie barely misses you.
You shoot a sling bullet.
The sling bullet hits the water moccasin zombie!
The water moccasin zombie is almost destroyed.
The water moccasin zombie bites you.
The water moccasin zombie closely misses you.
You furiously retaliate!
You headbutt the water moccasin zombie. You shoot a sling bullet.
The sling bullet hits the water moccasin zombie.
The water moccasin zombie is almost destroyed.
The water moccasin zombie bites you. x2
You die...

+![?!#.\.'...#
#!??!#...#...#
### #####...#
#...# ###'#
#...# #...#
#...# #.@.#
##Z##


ZZZ #...# #...# #...# ##+## You could see a water moccasin zombie, a gnoll
zombie, a kobold zombie and an orc zombie.

Vanquished Creatures
  A jelly (D:6)
  An orc wizard (D:6)
  5 adders
  A worm (D:2)
  8 endoplasms
  A giant cockroach (D:1)
  A gnoll zombie (Ossuary)
  5 hobgoblins
  5 jackals
  8 kobolds
  2 quokkas
  9 ball pythons
  3 bats (D:2)
  A frilled lizard (D:3)
  5 goblins
  A kobold zombie (Ossuary)
  10 rats
67 creatures vanquished.

Notes
Turn   | Place    | Note
-------+----------+-------------------------------------------
     0 | D:1      | qw the Minotaur Hexslinger began the quest for the Orb.
     0 | D:1      | Reached XP level 1. HP: 16/16 MP: 1/1
     0 | D:1      | 0 ||| qw: Version: 0.3-a-40-ge99b1a8
     0 | D:1      | 0 ||| qw: Game counter: 476
     0 | D:1      | 0 ||| qw: Melee chars always use a shield: true
     0 | D:1      | 0 ||| qw: God list: Okawaru
     0 | D:1      | 0 ||| qw: Allow faded altars: false
     0 | D:1      | 0 ||| qw: Do Orc after clearing Dungeon:15 true
     0 | D:1      | 0 ||| qw: Do second Lair branch before Depths: true
     0 | D:1      | 0 ||| qw: Lair rune preference: random
     0 | D:1      | 0 ||| qw: Goals: Normal
     0 | D:1      | 0 ||| PLANNING D:1-11
   127 | D:1      | 127 ||| FLEEEEING.
   128 | D:1      | 128 ||| FLEEEEING.
   129 | D:1      | 129 ||| FLEEEEING.
   130 | D:1      | 130 ||| FLEEEEING.
   154 | D:1      | Reached skill level 3 in Ranged Weapons
   154 | D:1      | Reached XP level 2. HP: 23/23 MP: 2/2
   305 | D:1      | HP: 6/24 [goblin/+0 club (4)]
   433 | D:1      | Reached XP level 3. HP: 27/29 MP: 3/3
   884 | D:1      | 884 ||| DROPPING amulet of magic regeneration.
   885 | D:1      | 885 ||| DROPPING +6 ring of intelligence.
   886 | D:1      | 886 ||| READING 2 scrolls labelled VUURPH JAIQAS.
   887 | D:1      | 887 ||| DROPPING scroll of vulnerability.
   888 | D:1      | 888 ||| DROPPING scroll of poison.
   978 | D:2      | Reached skill level 4 in Ranged Weapons
  1080 | D:2      | Found Umemp's Distillery.
  1088 | D:2      | 1088 ||| SHOPLISTING 2 potions of curing (60 gold, have
                  | 50).
  1088 | D:2      | 1088 ||| SHOPLISTING potion of cancellation (80 gold, have
                  | 50).
  1088 | D:2      | 1088 ||| BUYING potion of enlightenment (50 gold).
  1088 | D:2      | Bought a potion of enlightenment for 50 gold pieces
  1088 | D:2      | 1088 ||| SHOPLISTING potion of haste (100 gold, have 0).
  1088 | D:2      | 1088 ||| SHOPLISTING potion of heal wounds (50 gold, have
                  | 0).
  1088 | D:2      | 1088 ||| SHOPLISTING potion of mutation (80 gold, have 0).
  1328 | D:2      | Reached XP level 4. HP: 36/36 MP: 4/4
  1698 | D:2      | 1698 ||| UPGRADING to +0 leather armour.
  1708 | D:2      | 1708 ||| DROPPING +0 robe.
  1709 | D:2      | 1709 ||| UPGRADING to +0 ring mail.
  1719 | D:2      | 1719 ||| DROPPING +0 leather armour.
  1720 | D:2      | 1720 ||| READING scroll labelled TOEFEX FEUNN.
  1721 | D:2      | 1721 ||| READING 2 scrolls labelled MANKOA YSANOTS.
  1722 | D:2      | 1722 ||| READING scroll labelled BEUCKEZITI.
  1723 | D:2      | 1723 ||| READING scroll labelled HAEDEEQAJA.
  1724 | D:2      | 1724 ||| DRINKING 2 fuming brown potions.
  1725 | D:2      | 1725 ||| DROPPING scroll of immolation.
  1754 | D:3      | Reached skill level 1 in Armour
  1822 | D:3      | You fall into a shaft and drop 3 floors!
  1826 | D:6      | 1826 ||| PLANNING OSSUARY
  1836 | D:6      | Reached skill level 5 in Ranged Weapons
  1922 | D:6      | Reached skill level 3 in Fighting
  1922 | D:6      | Reached XP level 5. HP: 45/45 MP: 5/5
  1967 | D:6      | Found a sand-covered staircase.
  1976 | Ossuary  | Entered an ossuary
  2007 | Ossuary  | HP: 11/45 [water moccasin zombie (1)]
  2012 | Ossuary  | HP: 5/45 [water moccasin zombie (4)]
  2013 | Ossuary  | HP: 1/45 [water moccasin zombie (4)]
  2013 | Ossuary  | Slain by a water moccasin zombie

Levels and vault maps discovered:
D:1:      eino_arrival_cavern_b, layout_loops_ring, minmay_pentomino_x4
D:2:      layout_loops_cross, serial_shops, nicolae_shop_peninsula
D:3:      minmay_bubble_buster, layout_loops_corners, st_stairs_11,
          nicolae_concentric_dashed_squares_wild
D:6:      layout_basic, mainiacjoe_overflow_brackets,
          mainiacjoe_overflow_24_doors, tgw_kikubaaqudgha,
          gammafunk_temple_overflow_wave, nicolae_ossuary_entry_monument,
          gammafunk_ghost_cemetery, minmay_misc_feat_secret_circle,
          minmay_misc_feat_alley, minmay_microvault, uniq_pikel
Ossuary:  ossuary_tomb_2

Skill      XL: |  1  2  3  4 |
---------------+-------------+-----
Ranged Weapons | 3 4 5 |  5.3
Fighting       | 2 3 |  3.0
Armour         | 1 |  1.0
Dodging        | |  2.1
Spellcasting   | |  1.0
Hexes          | |  2.0

Action                     |  1- 3 |  4- 6 || total
---------------------------+-------+-------++-------
   Fire: Sling             |   135 |    84 ||   219
    Use: Scroll            |     1 |     4 ||     5
         Potion            |       |     1 ||     1
 Armour: Robe              |     8 |     1 ||     9
         Ring mail         |       |    10 ||    10
  Dodge: Dodged            |    40 |    28 ||    68

Table legend:
 A = Non-vault XP
 B = Vault XP
 C = Vault XP percentage of total XP
 D = Non-vault monster count
 E = Vault monster count
 F = Vault count percentage of total count
                 A         B        C        D         E       F
            +---------+---------+-------+---------+---------+-------
      Total |     194 |      49 |  20.2 |      57 |      10 |  14.9
            +---------+---------+-------+---------+---------+-------
        D:1 |      45 |       6 |  11.8 |      30 |       4 |  11.8
        D:2 |      74 |       0 |   0.0 |      21 |       0 |   0.0
        D:3 |      17 |       5 |  22.7 |       4 |       3 |  42.9
        D:6 |      58 |      35 |  37.6 |       2 |       1 |  33.3
    Ossuary |       0 |       3 | 100.0 |       0 |       2 | 100.0
            +---------+---------+-------+---------+---------+-------
